 Dungeon Crawl Stone Soup version 0.30-a0-364-gf6b3ef1049 (webtiles) character file.

Game seed: 596347124003955563

92 Manisia the Chiller (level 4, 33/33 HPs)
             Began as a Ghoul Ice Elementalist on Nov 15, 2022.
             Quit the game on level 3 of the Dungeon.
             The game lasted 00:07:33 (3393 turns).

Manisia the Chiller (Ghoul Ice Elementalist)        Turns: 3393, Time: 00:07:34

Health: 33/33      AC:  3    Str: 11    XL:     4   Next: 60%
Magic:  6/6        EV: 12    Int: 12    God:
Gold:   100        SH:  5    Dex:  9    Spells: 2/7 levels left

rFire   . . .      SeeInvis .    (no weapon)
rCold   + . .      Faith    .    (no shield)
rNeg    + + +      Spirit   .    a - +1 robe
rPois   ∞          Reflect  +    (no helmet)
rElec   .          Harm     .    (no cloak)
rCorr   .          Rampage  .    (no gloves)
Will    .....                    (no boots)
Stlth   ++........               i - amulet of reflection
HPRegen 0.25/turn                (no ring)
MPRegen 0.10/turn                (no ring)

@: no status effects
A: claws 1, cold resistance 1, negative energy resistance 3, inhibited
regeneration, torment resistance 2, devour on kill
a: no special abilities


You were on level 3 of the Dungeon.
You visited 1 branch of the dungeon, and saw 3 of its levels.

You collected 100 gold pieces.

Inventory:

Missiles
 g - 25 stones
 h - 3 boomerangs of dispersal
Armour
 a - a +1 robe (worn)
Jewellery
 d - an amulet of the acrobat
 i - an amulet of reflection (around neck)
 l - a ring of fire
Scrolls
 c - a scroll of teleportation
 k - 3 scrolls of identify
 n - a scroll of poison
Potions
 b - a potion of magic
 e - 3 potions of lignification
 f - a potion of degeneration {unknown}
 j - a potion of brilliance


   Skills:
 + Level 2.1 Dodging
 + Level 2.8 Stealth
 + Level 0.5 Shields
 + Level 2.4 Spellcasting
 + Level 5.4 Ice Magic


You had 2 spell levels left.
You knew the following spells:

 Your Spells              Type           Power      Damage    Failure   Level
a - Freeze                Ice            56%        1d7       2%          1
b - Frozen Ramparts       Ice            28%        1d5       9%          3
c - Summon Small Mammal   Summ           4%         N/A       26%         1

Your spell library contained the following spells:

 Spells                   Type           Power      Damage    Failure   Level
 Apportation              Tloc           2%         N/A       26%         1
 Necrotise                Necr           4%         1d4       26%         1
 Ozocubu's Armour         Ice            14%        N/A       9%          3
 Summon Ice Beast         Ice/Summ       8%         N/A       63%         4


Dungeon Overview and Level Annotations

Branches:
Dungeon (3/15)

Altars:

Shops:
D:1 =

Annotations:
D:3 3 runed translucent doors, baller8008's ghost, amateur GrFi


Innate Abilities, Weirdness & Mutations

You are immune to poison.
You have sharp fingernails.
Your flesh is cold resistant. (rC+)
You are immune to negative energy. (rN+++)
You do not regenerate when monsters are visible.
You are immune to unholy pain and torment.
You thrive by killing the living.


Message History

Things that are here:
a +0 short sword; a kobold corpse
k - 3 scrolls labelled ILOFIN JUSIOR (gained 1)
k - 4 scrolls labelled ILOFIN JUSIOR (gained 1)
A rat comes into view.
A rat is nearby!
Casting: Freeze (safe; 2% risk of failure)
Confirm with . or Enter, or press ? or * to list all spells.
Your bat barely misses the rat.
You freeze the rat!
You kill the rat!
You open the large door.
There is a large open door here.
Your bat disappears in a puff of smoke!
You open the door.
There is an open door here.
There is an escape hatch in the ceiling here.
n - a scroll of poison You open the door.
There is an open door here.
k - 5 scrolls labelled ILOFIN JUSIOR (gained 1)
You see here a +1 helmet.
No target in view!
As you open the door, it creaks loudly!
There is an open door here.
There is an open door here.
The kobold shouts!
You hear a shout! x3; The kobold shouts!
You hear a shout!
The kobold brigand shouts!
You hear a shout!
Key pressed, stopping explore.
As you read the scroll labelled ILOFIN JUSIOR, it crumbles to dust.
It is a scroll of identify.
e - 3 potions of lignification
As you read the scroll labelled RYZYOG VETH, it crumbles to dust.
The air around you briefly surges with heat, but it dissipates.
It was a scroll of immolation.
As you read the scroll of identify, it crumbles to dust.
j - a potion of brilliance
Okay, then.
Unknown command.
Are you sure you want to abandon this character and quit the game? (Confirm with "yes".)

######## #......#####
########...@......#
#.........##+++##.#
#####........##KKK..### ##
#............#KW#K#..# ######.
#.......##...#♣K#K#.♣# #......
#.......##...#.K#.#.P#####.#####
#.......##...##.....##.....###..
#.......'.....##K?.##..#####...#
#.......#############.## ###.###


You could see a kobold brigand, baller8008's ghost and 8 kobolds.

Vanquished Creatures
  3 adders
  An adder skeleton (D:2)
  A dart slug (D:2)
  7 bats
  5 endoplasms
  3 giant cockroaches
  3 goblins (D:1)
  2 hobgoblins
  7 ball pythons
  A ball python skeleton (D:2)
  4 frilled lizards
  4 kobolds
  A quokka skeleton (D:2)
  8 rats
50 creatures vanquished.

Vanquished Creatures (collateral kills)
  An adder (D:3)
  An endoplasm (D:2)
2 creatures vanquished.

Vanquished Creatures (others)
  A fungus (D:3)
  4 plants
  A withered plant (D:2)
6 creatures vanquished.

Grand Total: 58 creatures vanquished

Notes
Turn   | Place    | Note
-------+----------+-------------------------------------------
     0 | D:1      | Manisia the Ghoul Ice Elementalist began the quest for the
                  | Orb.
     0 | D:1      | Reached XP level 1. HP: 14/14 MP: 2/2
   399 | D:1      | Reached XP level 2. HP: 20/20 MP: 0/3
   648 | D:1      | Found Caqiucusa's Jewellery Shoppe.
   878 | D:1      | Found a faded altar of an unknown god.
  1055 | D:1      | Reached XP level 3. HP: 26/26 MP: 2/5
  1059 | D:1      | Learned a level 3 spell: Frozen Ramparts
  1707 | D:2      | Reached skill level 5 in Ice Magic
  1722 | D:2      | Learned a level 1 spell: Summon Small Mammal
  2468 | D:3      | Reached XP level 4. HP: 31/33 MP: 3/6
  2553 | D:3      | Found a runed translucent gate.
  2555 | D:3      | Found a runed translucent gate.
  2555 | D:3      | Found a runed translucent gate.
  2556 | D:3      | Noticed a kobold brigand
  2559 | D:3      | Noticed baller8008's ghost (amateur GrFi)
  3393 | D:3      | Quit the game

Illustrated notes

Levels and vault maps discovered:
D:1:      amcnicky_arrival_single_pillar, layout_basic, serial_shops,
          nicolae_shop_temple_entry_statues_fountains,
          shapermc_ecumenical_altar_flowoftime, minmay_misc_feat_more_columns
D:2:      layout_loops_ring, serial_undead, serial_undead_a, serial_undead_d,
          serial_undead_f, serial_undead_e
D:3:      layout_basic, gammafunk_ghost_nasty_kobolds, serial_aquarium,
          aquarium_bridge_straight [aquarium_subvault_bridge,
          aquarium_subvault_wall, aquarium_subvault_bridge,
          aquarium_subvault_wall], aquarium_bridge_square
          [aquarium_subvault_bridge, aquarium_subvault_bridge,
          aquarium_subvault_window, aquarium_subvault_wall], aquarium_window_2,
          aquarium_window_corner, aquarium_window_corner, aquarium_view_2c

Skill      XL: |  1  2  3 |
---------------+----------+-----
Dodging        | 2 |  2.1
Spellcasting   | 2 |  2.4
Ice Magic      | 5 |  5.4
Stealth        | |  2.8
Shields        | |  0.5

Action                   |  1- 3 |  4- 6 || total
-------------------------+-------+-------++-------
Melee: Unarmed           |    35 |     2 ||    37
 Cast: Freeze            |    60 |    19 ||    79
       Summon Small Mamm |     5 |     4 ||     9
       Frozen Ramparts   |     3 |       ||     3
  Use: Scroll            |     6 |     3 ||     9
Armor: Robe              |    17 |     5 ||    22
Dodge: Dodged            |    63 |     9 ||    72
Block: Other             |     4 |     4 ||     8

Table legend: (Time is in decaauts)
 A = Elapsed time spent in this place.
 B = Non-inter-level travel time spent in this place.
 C = Inter-level travel time spent in this place.
 D = Time resting spent in this place.
 E = Time spent auto-exploring this place.
 F = Levels seen in this place.
 G = Mean time per level.
                   A        B        C        D        E       F      G
               +--------+--------+--------+--------+--------+-----+--------+
         Total |   3394 |   3280 |    114 |    160 |   2633 |   3 | 1131.3 |
       Dungeon |   3394 |   3280 |    114 |    160 |   2633 |   3 | 1131.3 |
               +--------+--------+--------+--------+--------+-----+--------+

Top non-repeatable levels by time:
     D:1: 1344 daAuts
     D:3: 1062 daAuts
     D:2: 988 daAuts
